[Event "Titled Tuesday Blitz December 13 Early 2022"]
[White "Aloma Vidal, Robert"]
[Black "Tomaszewski, Kacper"]
[WhiteFideId "2260409"]
[BlackFideId "1127373"]
[WhiteElo "2435"]
[BlackElo "2211"]
[Result "1/2-1/2"]
[Round "11"]
[TimeControl "180+1"]
[Date "2022.12.14"]
[WhiteClock "0:00:05"]
[BlackClock "0:00:03"]

1. e4 e5 2. Nf3 Nc6 3. Bc4 Bc5 4. b4 Be7 5. O-O d6 6. c3 Nf6 7. Qb3 O-O 8. d3 Qe8 9. a4 Nd8 10. Re1 Bg4 11. Nbd2 Ne6 12. h3 Bh5 13. d4 Nd7 14. Bxe6 fxe6 15. Qxe6+ Kh8 16. dxe5 Bf7 17. Qg4 dxe5 18. Qg3 Bf6 19. Nf1 Bg6 20. b5 Nc5 21. N1d2 Nd3 22. Re3 Nf4 23. Ba3 Rf7 24. Nf1 Rd8 25. Rae1 Rfd7 26. Nh4 Bh5 27. Nf3 Rd1 28. Kh2 Rxe1 29. Rxe1 Rd3 30. Re3 Rxe3 31. fxe3 Ne6 32. c4 h6 33. Bb2 Ng5 34. Nxg5 hxg5 35. Nd2 Qe6 36. c5 Qa2 37. Bc3 Qc2 38. Bb4 Qb2 39. Ba5 b6 40. cxb6 axb6 41. Nc4 Qc2 42. Nxe5 bxa5 43. Ng4 Bxg4 44. Qxg4 Be5+ 45. Kg1 Qc1+ 46. Kf2 Qd2+ 47. Kf1 Qd3+ 48. Kf2 Qc2+ 49. Kf1 Qb1+ 50. Kf2 Qb2+ 51. Kf3 Qa2 52. Qh5+ Kg8 53. Qe8+ Kh7 54. Qxe5 Qxa4 55. Qxg5 Qd1+ 56. Kg3 Qe1+ 57. Kh2 a4 58. Qh5+ Kg8 59. e5 Qxe3 60. Qe8+ Kh7 61. Qh5+ Kg8 62. Qe8+ Kh7 63. Qh5+ Kg8 1/2-1/2


[Site "https://www.chess.com"]

[Event "Titled Tuesday Blitz December 13 Early 2022"]
[White "Andreikin, Dmitry"]
[Black "Rakhmanov, Aleksandr"]
[WhiteFideId "4158814"]
[BlackFideId "4173708"]
[WhiteElo "2735"]
[BlackElo "2530"]
[Result "1/2-1/2"]
[Round "11"]
[TimeControl "180+1"]
[Date "2022.12.13"]
[WhiteClock "0:00:19"]
[BlackClock "0:00:36"]

1. e4 c5 2. b3 Nf6 3. e5 Nd5 4. Bb2 Nc6 5. Nf3 g6 6. h4 Bg7 7. h5 O-O 8. hxg6 hxg6 9. Nc3 Nxc3 10. Bxc3 d6 11. exd6 exd6 12. Be2 Re8 13. O-O Bg4 14. Re1 d5 15. Bxg7 Kxg7 16. Nh2 Bxe2 17. Rxe2 Qf6 18. c3 d4 19. Rxe8 Rxe8 20. Qf3 dxc3 21. dxc3 Qxf3 22. Nxf3 Re2 23. Rd1 Rxa2 24. Rd7 Kf6 25. Rxb7 Rb2 26. Rc7 Nd8 27. Rxc5 Rxb3 28. Nd4 Rb1+ 29. Kh2 Ne6 30. Ra5 Nxd4 31. cxd4 Rd1 32. Rxa7 Rxd4 33. Kg3 1/2-1/2


[Site "https://www.chess.com"]

[Event "Titled Tuesday Blitz December 13 Early 2022"]
[White "Aradhya, Garg"]
[Black "Goroshkov, Maksym"]
[WhiteFideId "25006746"]
[BlackFideId "14142716"]
[WhiteElo "2278"]
[BlackElo "2258"]
[Result "1/2-1/2"]
[Round "11"]
[TimeControl "180+1"]
[Date "2022.12.13"]
[WhiteClock "0:01:13"]
[BlackClock "0:00:05"]

1. d4 Nf6 2. c4 d6 3. Nf3 g6 4. Nc3 Bg7 5. g3 O-O 6. Bg2 c5 7. O-O Nc6 8. e3 Bg4 9. h3 Bxf3 10. Bxf3 cxd4 11. exd4 Qb6 12. d5 Ne5 13. Be2 Qc7 14. b3 Qc8 15. Kg2 h5 16. Bb2 Nh7 17. f4 Nd7 18. Rc1 Nhf6 19. Bd3 Nc5 20. Bb1 a5 21. f5 g5 22. Qd2 Nh7 23. f6 exf6 24. Qc2 f5 25. Rxf5 f6 26. h4 Rf7 27. Rcf1 gxh4 28. Rxh5 h3+ 29. Rxh3 Ng5 30. Rh5 Qg4 31. Rh4 Qd7 32. Qg6 Re8 33. Bf5 Qe7 34. Be6 Ncxe6 35. dxe6 Qxe6 36. Nd5 Ref8 37. Rhf4 Qh3+ 38. Kg1 Qxg3+ 39. Kh1 Qh3+ 40. Kg1 Qg3+ 41. Kh1 Qh3+ 42. Kg1 Qg3+ 1/2-1/2


[Site "https://www.chess.com"]

[Event "Titled Tuesday Blitz December 13 Early 2022"]
[White "Avazkhonov, Alikhon"]
[Black "Akylbekov, Nasyr"]
[WhiteFideId "14208504"]
[BlackFideId "13800353"]
[WhiteElo "1739"]
[BlackElo "2310"]
[Result "1-0"]
[Round "11"]
[TimeControl "180+1"]
[Date "2022.12.14"]
[WhiteClock "0:00:05"]
[BlackClock "0:00:09"]

1. d4 Nf6 2. c4 e6 3. Nc3 Bb4 4. e3 c5 5. Bd3 O-O 6. Ne2 d6 7. Bd2 e5 8. d5 Nbd7 9. O-O Ne8 10. a3 Ba5 11. Qb1 g6 12. b4 Bb6 13. e4 Ng7 14. Na4 f5 15. Nxb6 axb6 16. exf5 Nxf5 17. Ng3 Nf6 18. Nxf5 gxf5 19. Bxf5 Qe7 20. Bh6 Re8 21. Bg5 Kh8 22. bxc5 bxc5 23. Bxc8 Raxc8 24. Qf5 Rf8 25. f4 e4 26. Rae1 Rce8 27. Re3 Qg7 28. Qh3 Ng8 29. Rfe1 Qd4 30. Qd7 h6 31. Bh4 Qxc4 32. Qxd6 Qd4 33. Bf2 Rf6 34. Qc7 Qxd5 35. Rg3 Rf7 36. Qb6 e3 37. Bxe3 Rxe3 38. Rgxe3 Qd4 39. Qe6 Rxf4 40. Qe5+ Qxe5 41. Rxe5 Ra4 42. Rxc5 Rxa3 43. Rb5 Ra7 44. Reb1 Nf6 45. Rxb7 Ra2 46. R1b6 Ng4 47. g3 h5 48. h3 Ne5 49. Rh6+ Kg8 50. Rxh5 Nf3+ 51. Kf1 Rd2 52. Rf5 Nd4 53. Rg5+ Kf8 54. Rg4 Ne6 55. Re4 Ng5 56. Rf4+ Ke8 57. h4 Nh3 58. Re4+ Kf8 59. Rc7 Rf2+ 60. Ke1 Ra2 61. h5 Ng5 62. Rg4 Ke8 63. Rxg5 Kd8 64. Rcg7 Ke8 65. h6 1-0


[Site "https://www.chess.com"]

[Event "Titled Tuesday Blitz December 13 Early 2022"]
[White "Balint, Vilmos"]
[Black "Petrovic, Aleksa"]
[WhiteFideId "718050"]
[BlackFideId "967629"]
[WhiteElo "2183"]
[BlackElo "2230"]
[Result "0-1"]
[Round "11"]
[TimeControl "180+1"]
[Date "2022.12.14"]
[WhiteClock "0:01:39"]
[BlackClock "0:00:04"]

1. e4 e6 2. d4 d5 3. Nc3 Bb4 4. exd5 exd5 5. Bd3 Nc6 6. Ne2 Nge7 7. Bf4 O-O 8. Qd2 Bf5 9. O-O-O f6 10. f3 Na5 11. g4 Bxd3 12. Qxd3 Bd6 13. h4 Bxf4+ 14. Nxf4 Qd6 15. Nh5 c6 16. g5 f5 17. Rhe1 Ng6 18. Re2 Nxh4 19. Rde1 Ng6 20. b3 b5 21. Qd2 Qa3+ 22. Kb1 Nb7 23. Re6 Nd6 24. Qd3 a5 25. Ka1 a4 26. Nb1 Qb4 27. c3 axb3 28. R1e2 Qa4 29. a3 Nc4 30. Re7 Nxa3 31. Rxg7+ Kh8 32. Kb2 Nxb1 33. Kxb1 Qa1# 0-1


[Site "https://www.chess.com"]

[Event "Titled Tuesday Blitz December 13 Early 2022"]
[White "Bashirli, Saadat"]
[Black "Bruned, Boris"]
[WhiteFideId "13429990"]
[BlackFideId "621790"]
[WhiteElo "1408"]
[BlackElo "2049"]
[Result "1-0"]
[Round "11"]
[TimeControl "180+1"]
[Date "2022.12.14"]
[WhiteClock "0:00:50"]
[BlackClock "0:00:01"]

1. d4 b6 2. e4 Bb7 3. Bd3 e6 4. Ne2 d5 5. exd5 Qxd5 6. Nf4 Qd8 7. O-O Nf6 8. Nc3 Be7 9. Re1 O-O 10. Ne4 Nxe4 11. Bxe4 Bxe4 12. Rxe4 c5 13. Ne2 Nc6 14. c3 Bf6 15. Be3 Qd5 16. Rg4 h5 17. Nf4 Qf5 18. Nxh5 cxd4 19. Nxf6+ Qxf6 20. Bxd4 e5 21. Be3 Qf5 22. Rg5 Qf6 23. Qg4 Ne7 24. h4 Nd5 25. Bd2 Qh6 26. Rd1 Nf6 27. Qf5 Nh7 28. Rh5 Qg6 29. Qxg6 fxg6 30. Rxe5 Rad8 31. Re2 Rf7 32. Rde1 Rfd7 33. Bf4 Nf6 34. Bg5 Kf7 35. Bxf6 gxf6 36. Kh2 a5 37. Kg3 1-0


[Site "https://www.chess.com"]

[Event "Titled Tuesday Blitz December 13 Early 2022"]
[White "Begunov, Konstantin"]
[Black "Namitbir Singh Walia"]
[WhiteFideId "4118510"]
[BlackFideId "35071068"]
[WhiteElo "2141"]
[BlackElo "2239"]
[Result "1-0"]
[Round "11"]
[TimeControl "180+1"]
[Date "2022.12.14"]
[WhiteClock "0:00:12"]
[BlackClock "0:00:01"]

1. d4 Nf6 2. c4 c5 3. Nf3 cxd4 4. Nxd4 Nc6 5. Nc3 g6 6. g3 Bg7 7. Bg2 O-O 8. O-O Qb6 9. Nc2 d6 10. b3 Ne5 11. Bb2 Nxc4 12. Na4 Qa6 13. Nb4 Qb5 14. Bxf6 Bxf6 15. Nd5 Ne5 16. Nc7 Qa5 17. Nxa8 Nc6 18. Rc1 Be6 19. b4 Qxb4 20. Nc7 Bxa2 21. Nd5 Bxd5 22. Bxd5 Nd4 23. Rb1 Qa5 24. Bxb7 Rb8 25. Be4 Rxb1 26. Bxb1 h5 27. e3 Ne6 28. Bc2 h4 29. Qg4 hxg3 30. hxg3 Ng7 31. Rb1 Kh7 32. Qh3+ Nh5 33. g4 Qd2 34. Bd1 Qa2 35. Rc1 Qa3 36. Rb1 Qa2 37. gxh5 Qxb1 38. hxg6+ Kxg6 39. Qg4+ Bg5 40. Kg2 Kf6 41. f4 Qb7+ 42. Bf3 Qa6 43. Qxg5+ 1-0


[Site "https://www.chess.com"]

[Event "Titled Tuesday Blitz December 13 Early 2022"]
[White "Bluebaum, Matthias"]
[Black "Makhnev, Denis"]
[WhiteFideId "24651516"]
[BlackFideId "13707647"]
[WhiteElo "2634"]
[BlackElo "2507"]
[Result "1/2-1/2"]
[Round "11"]
[TimeControl "180+1"]
[Date "2022.12.13"]
[WhiteClock "0:00:12"]
[BlackClock "0:00:13"]

1. d4 Nf6 2. c4 e6 3. Nc3 Bb4 4. e3 O-O 5. Bd2 b6 6. Nf3 d5 7. cxd5 exd5 8. Rc1 a6 9. Bd3 Nbd7 10. O-O Bb7 11. Ne5 Bd6 12. f4 c5 13. Qf3 Re8 14. Be1 cxd4 15. exd4 b5 16. Qh3 Nf8 17. Bh4 Be7 18. Rce1 Ne4 19. Bxe7 Rxe7 20. Bxe4 dxe4 21. d5 Bxd5 22. Qe3 Bb7 23. Rd1 Qe8 24. Nxe4 Bxe4 25. Qxe4 Rd8 26. Qc2 Rxd1 27. Rxd1 Ng6 28. Qc5 Nxe5 29. fxe5 h6 30. Rd5 Re6 31. h3 Rc6 32. Qd4 Qe6 33. Rd8+ Kh7 34. Rd6 Rc1+ 35. Kh2 Qf5 36. Qd3 Qxd3 37. Rxd3 Rc2 38. Ra3 Rxb2 39. Rxa6 Re2 40. Ra7 Kg6 41. Ra6+ Kf5 42. Ra7 Ke6 43. a4 b4 44. Rb7 Rb2 45. a5 Kxe5 46. a6 Ra2 47. Rxb4 Rxa6 48. Rb7 Kf6 49. Rb3 Kg6 50. Kg3 Rd6 51. Kh2 h5 52. Rg3+ Kh6 53. Ra3 h4 54. Ra4 Kh5 55. Ra8 g5 56. Rh8+ Kg6 57. Rg8+ Kf5 58. Ra8 Rd5 59. Ra4 f6 60. Rb4 Re5 61. Ra4 Re4 62. Ra5+ Kf4 63. Ra6 f5 64. Ra3 g4 65. hxg4 fxg4 66. g3+ hxg3+ 67. Kg2 Re2+ 68. Kg1 Re3 69. Ra1 Kg5 70. Ra8 Re2 71. Rg8+ Kf5 72. Rf8+ Kg6 73. Rg8+ Kh5 74. Rh8+ Kg5 75. Rg8+ Kf5 76. Rf8+ Ke4 77. Re8+ Kd3 78. Rxe2 Kxe2 79. Kg2 Ke3 80. Kxg3 Ke4 81. Kxg4 1/2-1/2


[Site "https://www.chess.com"]

[Event "Titled Tuesday Blitz December 13 Early 2022"]
[White "Bodnaruk, Anastasia"]
[Black "Kirillov, Dmitry"]
[WhiteFideId "4181751"]
[BlackFideId "34180572"]
[WhiteElo "2314"]
[BlackElo "2111"]
[Result "0-1"]
[Round "11"]
[TimeControl "180+1"]
[Date "2022.12.14"]
[WhiteClock "0:00:02"]
[BlackClock "0:00:02"]

1. e4 c6 2. Nf3 d5 3. exd5 cxd5 4. Ne5 Nc6 5. d4 e6 6. c3 Bd6 7. f4 Nge7 8. Bd3 Nf5 9. O-O O-O 10. g4 Nfe7 11. Nd2 Qb6 12. Ndf3 f6 13. Nxc6 bxc6 14. Qc2 g6 15. Be3 c5 16. dxc5 Bxc5 17. Bxc5 Qxc5+ 18. Qf2 Qxf2+ 19. Rxf2 Bd7 20. Re1 Rab8 21. Nd4 Rb6 22. Rfe2 Kf7 23. b3 Rc8 24. c4 Rd6 25. Nf3 dxc4 26. Bxc4 Nd5 27. f5 gxf5 28. gxf5 e5 29. Rd2 Rc5 30. Red1 Bc6 31. Ne1 Ke7 32. Nd3 Rxc4 33. bxc4 Ne3 34. c5 Rd4 35. Re1 Nxf5 36. Rf2 Nh4 37. Re3 Rg4+ 38. Kf1 Rd4 39. Ke2 Bb5 40. Kd2 Ng6 41. Kc3 Ke6 42. Nb2 Ne7 43. Kb3 Nd5 44. Rh3 Rb4+ 45. Ka3 Rd4 46. Rxh7 Nc3 47. Rh6 Kd5 48. Rhxf6 Kxc5 49. Kb3 Ne4 50. R6f5 Nxf2 51. Rxf2 Kd5 52. Kc3 a5 0-1


[Site "https://www.chess.com"]

[Event "Titled Tuesday Blitz December 13 Early 2022"]
[White "Bogaudinov, Rushan"]
[Black "Diaz Rosas, Julio Cesar"]
[WhiteFideId "4129288"]
[BlackFideId "5105099"]
[WhiteElo "2028"]
[BlackElo "2246"]
[Result "1-0"]
[Round "11"]
[TimeControl "180+1"]
[Date "2022.12.14"]
[WhiteClock "0:00:14"]
[BlackClock "0:00:12"]

1. a3 e5 2. e3 Nf6 3. d4 e4 4. c4 d5 5. Nc3 c6 6. b4 Bd6 7. c5 Bc7 8. b5 O-O 9. a4 Ng4 10. Nh3 Nxh2 11. Nf4 Nxf1 12. Kxf1 g6 13. Bb2 Nd7 14. Qg4 Nxc5 15. Qg3 Nd3 16. Ba3 Re8 17. Ke2 Nxf4+ 18. exf4 Qf6 19. Rh4 Qxd4 20. Rah1 Qd3+ 21. Qxd3 exd3+ 22. Kxd3 Bf5+ 23. Kd2 h5 24. f3 Ba5 25. g4 d4 26. gxf5 Bxc3+ 27. Kd1 Re3 28. fxg6 fxg6 29. f5 Rae8 30. fxg6 Re1+ 31. Kc2 Rxh1 32. Rxh1 Re5 33. bxc6 bxc6 34. f4 Rf5 35. Bd6 Kg7 36. Rg1 h4 37. Kd3 Ba5 38. Be5+ Kg8 39. Rh1 Bd8 40. Kxd4 c5+ 41. Ke4 Rf8 42. f5 Re8 43. Kf4 c4 44. f6 Bxf6 45. Bxf6 c3 46. Rxh4 1-0


[Site "https://www.chess.com"]

[Event "Titled Tuesday Blitz December 13 Early 2022"]
[White "Budrewicz, Krzysztof"]
[Black "Maksimenko, Viktor"]
[WhiteFideId "1127950"]
[BlackFideId "13710478"]
[WhiteElo "2188"]
[BlackElo "2277"]
[Result "0-1"]
[Round "11"]
[TimeControl "180+1"]
[Date "2022.12.14"]
[WhiteClock "0:00:09"]
[BlackClock "0:01:11"]

1. d4 Nf6 2. c4 e6 3. Nf3 d5 4. Nc3 c5 5. cxd5 cxd4 6. Qxd4 exd5 7. e4 dxe4 8. Qxd8+ Kxd8 9. Ne5 Be6 10. Bg5 Bd6 11. Nc4 Be7 12. O-O-O+ Nbd7 13. Bxf6 Bxf6 14. Nxe4 Rc8 15. Nd6 Rc7 16. Kb1 Ke7 17. Be2 Rb8 18. Rhe1 b5 19. Na5 Nc5 20. Bf3 Rb6 21. Nf5+ Kf8 22. Nd4 Bxd4 23. Rxd4 Ra6 24. b4 Na4 25. Rd8+ Ke7 26. Rb8 Nc3+ 27. Ka1 Nxa2 28. Rxb5 Nxb4 29. Kb1 Rb6 30. Rxb6 axb6 31. Nb3 Nd3 32. Re2 Nf4 33. Re3 Kf6 34. Nd4 Rc4 35. Nxe6 Nxe6 36. Kb2 g6 37. Be2 Rc6 38. g3 h5 39. h4 Rd6 40. Bc4 Rd2+ 41. Kc3 Rxf2 42. Kb4 Ng7 43. Re4 Nf5 44. g4 Nd6 45. g5+ Kg7 46. Rd4 Nxc4 47. Rxc4 Rf5 48. Rd4 b5 49. Kc3 Kf8 50. Kd3 Ke7 51. Ke3 Ke6 52. Rd8 Rd5 53. Rf8 Re5+ 54. Kf3 Rf5+ 55. Ke3 Kd6 56. Rc8 Kd7 57. Rc1 Kd6 58. Rc8 Kd5 59. Rc7 b4 60. Rc8 b3 61. Rc7 Kd6 62. Rb7 Ra5 63. Rxb3 Ra4 64. Rb7 Ke6 65. Rb6+ Ke7 66. Kf3 Rxh4 67. Rb5 Rc4 68. Ra5 Rd4 69. Kg3 Ke6 70. Kf3 Rd5 71. Ra6+ Kf5 72. Rf6+ Kxg5 73. Rxf7 Rf5+ 74. Rxf5+ Kxf5 0-1


[Site "https://www.chess.com"]

[Event "Titled Tuesday Blitz December 13 Early 2022"]
[White "Chernomordik, Pavel"]
[Black "Bazarov, Konstantin"]
[WhiteFideId "2804530"]
[BlackFideId "4137000"]
[WhiteElo "2193"]
[BlackElo "2228"]
[Result "1-0"]
[Round "11"]
[TimeControl "180+1"]
[Date "2022.12.14"]
[WhiteClock "0:00:07"]
[BlackClock "0:00:07"]

1. e4 b6 2. d4 Bb7 3. Nc3 e6 4. Nge2 d5 5. exd5 exd5 6. Ng3 Nf6 7. Bd3 Bb4 8. O-O O-O 9. Bg5 h6 10. Be3 Bc8 11. Nce2 Ng4 12. Bf4 Bd6 13. h3 Bxf4 14. Nxf4 Nf6 15. c3 Nc6 16. Qf3 Be6 17. Rfe1 Qd6 18. Qe3 Bd7 19. Nf5 Bxf5 20. Bxf5 Rfe8 21. Qf3 Ne7 22. Bd3 c5 23. Rad1 cxd4 24. Bb5 Red8 25. Rxd4 Qc5 26. Qe2 Nf5 27. Rdd1 d4 28. c4 Rac8 29. Nd3 Qc7 30. Ba6 Rb8 31. Qe5 Qxe5 32. Nxe5 Rd6 33. b4 Nd7 34. Nd3 Kf8 35. Bb5 Nf6 36. Re5 Ne7 37. Rde1 Ng6 38. R5e2 Rdd8 39. f4 Rbc8 40. f5 Nh4 41. Re7 Nxf5 42. Rxa7 Ne3 43. c5 bxc5 44. bxc5 Ra8 45. Rxa8 Rxa8 46. a4 Nfd5 47. Ne5 Nc7 48. Bc6 Rd8 49. Rb1 Ke7 50. Be4 Ke6 51. Nc6 Re8 52. Nxd4+ Ke5 53. Bc6 Rd8 54. Nf3+ Kf4 55. Kf2 Nf5 56. Rb4+ Nd4 57. Rxd4+ Rxd4 58. Nxd4 Na6 59. Nb3 Ke5 60. Bb7 f5 61. Bxa6 Kd5 62. Bd3 Kc6 63. Bxf5 g5 64. Be4+ Kc7 65. Nd4 1-0


[Site "https://www.chess.com"]

[Event "Titled Tuesday Blitz December 13 Early 2022"]
[White "Ciuffoletti, Paolo"]
[Black "Gjestemoen-VonHirsch, Andre"]
[WhiteFideId "807630"]
[BlackFideId "1539531"]
[WhiteElo "2143"]
[BlackElo "2198"]
[Result "1-0"]
[Round "11"]
[TimeControl "180+1"]
[Date "2022.12.14"]
[WhiteClock "0:00:17"]
[BlackClock "0:00:11"]

1. e4 g6 2. d4 Bg7 3. Nc3 c5 4. dxc5 Bxc3+ 5. bxc3 Qa5 6. Qd4 Nf6 7. Bh6 Nc6 8. Qe3 Ng4 9. Qg3 Nxh6 10. Bc4 Qxc5 11. Bb3 d6 12. Ne2 Ng4 13. Qf4 Nf6 14. O-O O-O 15. Rad1 Be6 16. Rd3 Ne5 17. Rg3 Bc4 18. Re1 a5 19. Nd4 a4 20. Bxc4 Qxc4 21. Nf5 Qe6 22. Qh6 Ne8 23. Rh3 1-0


[Site "https://www.chess.com"]

[Event "Titled Tuesday Blitz December 13 Early 2022"]
[White "Cruz, William Ferreira Da"]
[Black "Tarasova, Viktoriya"]
[WhiteFideId "2118050"]
[BlackFideId "4175840"]
[WhiteElo "2223"]
[BlackElo "2182"]
[Result "0-1"]
[Round "11"]
[TimeControl "180+1"]
[Date "2022.12.14"]
[WhiteClock "0:00:07"]
[BlackClock "0:00:10"]

1. d4 Nf6 2. c4 e6 3. Nc3 Bb4 4. Nf3 O-O 5. Bg5 h6 6. Bh4 b6 7. Nd2 Bb7 8. f3 Bxc3 9. bxc3 d5 10. e3 Nbd7 11. Bd3 c5 12. O-O Qe7 13. Qe2 e5 14. cxd5 exd4 15. cxd4 cxd4 16. e4 g5 17. Bf2 Rfe8 18. Rfe1 Qb4 19. Rab1 Qa3 20. Nc4 Qf8 21. Qd2 Nc5 22. Bxd4 Nh5 23. Bf1 Nf4 24. Ne3 Rad8 25. Nf5 f6 26. g3 Nh5 27. Qb2 Nd7 28. Rbc1 Rc8 29. Bb5 Rxc1 30. Rxc1 Bc8 31. Rc7 Rd8 32. d6 Nc5 33. g4 Bxf5 34. Bxc5 bxc5 35. gxh5 Qxd6 36. Bc4+ Kh8 37. Rb7 Bh3 38. Bd5 Qf4 39. Qe2 Qc1+ 40. Kf2 Qf4 41. Kg1 g4 42. fxg4 Bxg4 43. Qf2 Qc1+ 44. Kg2 Qg5 45. h3 Bc8+ 46. Qg3 Bxb7 47. Qxg5 hxg5 48. Bxb7 Rd2+ 49. Kg3 Rxa2 50. Kg4 c4 51. Kg3 c3 52. Bd5 Rb2 53. Kg4 c2 54. Kf5 c1=Q 55. Kg6 Qc8 56. h6 Qe8+ 57. Kxf6 Rf2+ 58. Kxg5 Qe7+ 59. Kg4 Kh7 60. h4 Kxh6 61. e5 Qxe5 62. h5 Qf4+ 63. Kh3 Rf1 64. Bg2 Qf5+ 65. Kg3 Rf2 66. Bh3 Qf4# 0-1


[Site "https://www.chess.com"]

[Event "Titled Tuesday Blitz December 13 Early 2022"]
[White "Czopor, Maciej"]
[Black "Papasimakopoulos, Alexandros"]
[WhiteFideId "21805431"]
[BlackFideId "4244125"]
[WhiteElo "2324"]
[BlackElo "2384"]
[Result "1-0"]
[Round "11"]
[TimeControl "180+1"]
[Date "2022.12.14"]
[WhiteClock "0:01:19"]
[BlackClock "0:01:32"]

1. c4 b6 2. Nc3 Bb7 3. e4 e5 4. Nf3 Nc6 5. Be2 Nf6 6. O-O Bc5 7. Nxe5 Nxe5 8. d4 Bd6 9. f4 Nxe4 10. fxe5 Nxc3 11. bxc3 Be7 12. Bd3 d6 13. e6 fxe6 14. Qg4 Kd7 15. d5 Qg8 16. dxe6+ Kd8 17. Rf7 h6 18. Bd2 Bf6 19. Rf1 Bc6 20. R1xf6 gxf6 21. e7+ Ke8 22. Rf8+ Qxf8 23. exf8=Q+ Kxf8 24. Qe6 Rg8 25. Qxf6+ Ke8 26. Bg6+ Kd7 27. Qf7+ Kc8 28. Qxg8+ Kb7 29. Qf7 Re8 30. Qxe8 1-0


[Site "https://www.chess.com"]

[Event "Titled Tuesday Blitz December 13 Early 2022"]
[White "Deac, Bogdan-Daniel"]
[Black "Kamsky, Gata"]
[WhiteFideId "1226380"]
[BlackFideId "2000024"]
[WhiteElo "2649"]
[BlackElo "2666"]
[Result "1-0"]
[Round "11"]
[TimeControl "180+1"]
[Date "2022.12.13"]
[WhiteClock "0:00:08"]
[BlackClock "0:00:03"]

1. e4 e5 2. Nf3 Nc6 3. Bb5 a6 4. Bxc6 dxc6 5. Nc3 Qd6 6. d4 exd4 7. Qxd4 Qxd4 8. Nxd4 Bd7 9. Be3 O-O-O 10. O-O-O Re8 11. f3 Ne7 12. Nce2 f5 13. Ng3 fxe4 14. Nxe4 Nd5 15. Bd2 c5 16. Ne2 Be7 17. N2g3 Rhf8 18. Rhe1 b6 19. b3 a5 20. Kb2 Nf4 21. Bxf4 Rxf4 22. Ne2 Rff8 23. N2c3 Bd8 24. Rd2 Bc6 25. Rde2 Re6 26. a4 Rh6 27. h3 Rg6 28. Nb5 Kb7 29. Rd2 Bh4 30. Ree2 Kb8 31. c4 Kb7 32. Kc2 Kb8 33. Nec3 Bg5 34. Rd3 Re8 35. Rxe8+ Bxe8 36. Ne4 Be7 37. g3 Rh6 38. h4 Kc8 39. Nbc3 Bd8 40. Kd2 Re6 41. Re3 h6 42. Nd5 Bc6 43. Nf4 Re8 44. Ke2 g5 45. hxg5 hxg5 46. Nd5 Bxd5 47. cxd5 Kd7 48. Nd2 Rh8 49. Nc4 Bf6 50. Re6 Bd4 51. Rg6 Re8+ 52. Kd3 Rf8 53. Ke4 Re8+ 54. Kf5 Rf8+ 55. Kg4 Bf6 56. Nd2 Be7 57. Ne4 Rh8 58. Nxg5 Rh1 59. Nf7 Rd1 60. Ne5+ Kc8 61. Rg8+ Kb7 62. f4 Rxd5 63. Kf5 1-0


[Site "https://www.chess.com"]

[Event "Titled Tuesday Blitz December 13 Early 2022"]
[White "Derjabin, Ilja"]
[Black "Lacasa Diaz, Jose Antonio"]
[WhiteFideId "14104768"]
[BlackFideId "2203375"]
[WhiteElo "2309"]
[BlackElo "2338"]
[Result "1-0"]
[Round "11"]
[TimeControl "180+1"]
[Date "2022.12.14"]
[WhiteClock "0:01:06"]
[BlackClock "0:00:03"]

1. d4 d5 2. c4 e6 3. Nc3 c5 4. e3 Nc6 5. Nf3 Nf6 6. cxd5 exd5 7. Be2 cxd4 8. Nxd4 Bd6 9. b3 O-O 10. Bb2 Re8 11. O-O a6 12. Rc1 Bd7 13. g3 Nxd4 14. Qxd4 Be5 15. Qd2 Bh3 16. Rfd1 Rc8 17. Bf3 Qe7 18. Nxd5 Nxd5 19. Bxd5 Rcd8 20. Bxe5 Qxe5 21. Qd4 Qh5 22. Qh4 Qxh4 23. gxh4 Bg4 24. Rd4 Bf5 25. Bxb7 Rxd4 26. exd4 Rd8 27. d5 h6 28. f3 a5 29. Kf2 Bd3 30. Ke3 Bb5 31. Rc8 Rxc8 32. Bxc8 Kf8 33. Kd4 Ke7 34. Kc5 Be2 35. d6+ Kd8 36. Bb7 f5 37. f4 Bd3 38. Bc6 Bb1 39. a3 Ba2 40. b4 axb4 41. axb4 Bb3 42. b5 1-0


[Site "https://www.chess.com"]

[Event "Titled Tuesday Blitz December 13 Early 2022"]
[White "Donskov, Anatoly"]
[Black "Kim, Sergey"]
[WhiteFideId "24143413"]
[BlackFideId "13700570"]
[WhiteElo "2219"]
[BlackElo "2582"]
[Result "0-1"]
[Round "11"]
[TimeControl "180+1"]
[Date "2022.12.14"]
[WhiteClock "0:00:01"]
[BlackClock "0:00:35"]

1. e4 e5 2. Nf3 Nc6 3. Bb5 a6 4. Ba4 Nf6 5. Qe2 b5 6. Bb3 Bc5 7. c3 d6 8. O-O O-O 9. Rd1 Bb6 10. d3 h6 11. Nbd2 Nh5 12. Nf1 Qf6 13. h3 Be6 14. Be3 Nf4 15. Bxf4 Qxf4 16. Ne3 Ne7 17. g3 Qf6 18. Kg2 Ng6 19. Nd5 Bxd5 20. Bxd5 Rab8 21. a4 Ne7 22. Bb3 Kh7 23. axb5 axb5 24. d4 Ng6 25. h4 Ne7 26. dxe5 dxe5 27. Rd7 Rfd8 28. Rad1 Rf8 29. Qd2 Bc5 30. Qe2 Bd6 31. g4 Ng6 32. Qe3 Nf4+ 33. Kg3 Qg6 34. g5 h5 35. Nh2 b4 36. c4 Qe6 37. R7xd6 Qh3# 0-1


[Site "https://www.chess.com"]

[Event "Titled Tuesday Blitz December 13 Early 2022"]
[White "Ezat, Mohamed"]
[Black "Saravana, Krishnan P."]
[WhiteFideId "10600906"]
[BlackFideId "5018382"]
[WhiteElo "2388"]
[BlackElo "2190"]
[Result "1-0"]
[Round "11"]
[TimeControl "180+1"]
[Date "2022.12.14"]
[WhiteClock "0:00:33"]
[BlackClock "0:00:02"]

1. d4 d5 2. c4 c6 3. Nc3 Nf6 4. cxd5 cxd5 5. Bf4 Nc6 6. e3 a6 7. Bd3 Bg4 8. Nge2 e6 9. O-O Bd6 10. f3 Bh5 11. Rc1 O-O 12. a3 Na5 13. Na4 Bg6 14. Nc5 Rb8 15. Bg5 Re8 16. Nf4 e5 17. Nxd5 exd4 18. e4 Re5 19. Bxf6 gxf6 20. b4 Rc8 21. Nd7 Rxc1 22. N7xf6+ Kg7 23. Qxc1 Nc6 24. Ng4 Rxd5 25. Qh6+ Kh8 26. exd5 Bxd3 27. dxc6 bxc6 28. Re1 Bf8 29. Qxc6 Bg6 30. Qf6+ Qxf6 31. Nxf6 d3 32. Ne4 Bh6 33. Rd1 Be3+ 34. Kf1 d2 35. Nxd2 Bc2 36. Rc1 Bd3+ 37. Ke1 f5 38. Rc3 1-0


[Site "https://www.chess.com"]

[Event "Titled Tuesday Blitz December 13 Early 2022"]
[White "Fabris, Alberto"]
[Black "Dias, Joao Batista"]
[WhiteFideId "801348"]
[BlackFideId "2108240"]
[WhiteElo "2170"]
[BlackElo "1898"]
[Result "1-0"]
[Round "11"]
[TimeControl "180+1"]
[Date "2022.12.14"]
[WhiteClock "0:00:06"]
[BlackClock "0:00:29"]

1. e4 e6 2. d4 d5 3. Nd2 dxe4 4. Nxe4 Nf6 5. Ng3 Be7 6. Nf3 O-O 7. Bd3 c5 8. O-O Nc6 9. dxc5 Bxc5 10. c3 Qc7 11. Qc2 g6 12. Bh6 Rd8 13. Rad1 b6 14. Ne4 Be7 15. Bg5 Nxe4 16. Bxe4 Bb7 17. Bxe7 Nxe7 18. Bxb7 Qxb7 19. Ng5 h6 20. Ne4 Kg7 21. Qe2 Rd5 22. Rxd5 Qxd5 23. c4 Qe5 24. Nc3 Qxe2 25. Nxe2 Rd8 26. Nc3 Rd2 27. Rb1 a6 28. Kf1 Nf5 29. Ke1 Rd4 30. b3 Rd3 31. Na4 b5 32. cxb5 axb5 33. Nc5 Rc3 34. b4 Rc2 35. a4 bxa4 36. Nxa4 Nd4 37. b5 Re2+ 38. Kf1 Ra2 39. Nc3 Rc2 40. Ne4 f5 41. Nd6 Kf6 42. b6 Ke5 43. b7 Nc6 44. Nf7+ Kf6 45. Nd8 Nb8 46. Rb6 Ke7 47. Nxe6 g5 48. Nd4 Rc4 49. Nxf5+ Kd7 50. Nxh6 Kc7 51. Rb1 Nc6 52. Nf5 Rc5 53. Ne3 Nb8 54. g3 Na6 55. Kg2 Nb8 56. h4 gxh4 57. gxh4 Nc6 58. Kg3 Rc3 59. Kg4 Ne5+ 60. Kf5 Nd7 61. h5 Rc5+ 62. Kg4 Ne5+ 63. Kg3 Nd7 64. h6 Rh5 65. Ng4 Kb8 66. f4 Nc5 67. f5 Nxb7 68. f6 Kc7 69. f7 Nd6 70. f8=Q Nf5+ 71. Kf4 Nd6 72. Rc1+ Kd7 73. Rd1 Rf5+ 74. Qxf5+ 1-0


[Site "https://www.chess.com"]

[Event "Titled Tuesday Blitz December 13 Early 2022"]
[White "Fernandez Siles, Luis"]
[Black "Putnam, Liam"]
[WhiteFideId "2209420"]
[BlackFideId "30938279"]
[WhiteElo "2186"]
[BlackElo "2082"]
[Result "0-1"]
[Round "11"]
[TimeControl "180+1"]
[Date "2022.12.14"]
[WhiteClock "0:00:28"]
[BlackClock "0:01:30"]

1. e4 e6 2. d4 d5 3. Nd2 c5 4. c3 cxd4 5. cxd4 Nc6 6. Ngf3 dxe4 7. Nxe4 Bb4+ 8. Nc3 Nf6 9. Bd3 O-O 10. O-O h6 11. Re1 b6 12. a3 Bxc3 13. bxc3 Bb7 14. c4 Rc8 15. Bb2 Na5 16. Ne5 Nd7 17. d5 Nxe5 18. Rxe5 Nxc4 19. Bxc4 Rxc4 20. dxe6 fxe6 21. Rxe6 Qg5 22. g3 Qf5 23. Qe1 Qf3 24. Kf1 Rc2 0-1


[Site "https://www.chess.com"]